Get step-by-step instructions on how to execute this build order below. Start the game timer, and the build order will tick by so you can play in parallel with StarCraft on a second screen or mobile device.

Game Time

  0:00

Last Step

  N/A

Next Step

Upcoming Step



Don't want to look back and forth between 2 screens? Try out our Overwolf App, the Spawning Tool Build Advisor to get an in-game overlay with this build!

Complete Build Order

  12  0:00  Drone  
  13  0:10  Drone  
  14  0:14  Extractor  
  14  0:17  Drone  
  14  0:19  Extractor  
  13  0:22  Drone  
  16  0:47  Hatchery  
  15  0:51  Overlord  
  15  1:09  Drone x3  
  18  1:23  Hatchery  
  17  1:28  Drone  
  17  1:30  Extractor  
  17  1:41  Spawning Pool  
  17  1:44  Drone  
  17  1:48  Drone  
  18  1:54  Drone  
  18  1:59  Evolution Chamber  
  19  2:08  Drone  
  20  2:09  Hatchery  
  19  2:20  Overlord  
  19  2:27  Queen  
  22  2:35  Queen  
  24  2:38  Zergling x4  
  26  2:48  Metabolic Boost  
  26  2:54  Drone x2  
  28  2:59  Drone  
  29  3:09  Overlord  
  29  3:10  Queen  
  31  3:14  Drone  
  32  3:23  Queen  
  32  3:25  Drone  
  35  3:31  Drone  
  36  3:42  Drone x4  
  36  3:44  Roach Warren  
  39  3:51  Overlord  
  39  3:53  Drone  
  40  4:05  Drone, Extractor  
  38  4:21  Drone x3  
  38  4:24  Roach x3  
  47  4:25  Roach x3  
  53  4:34  Overlord x3  
  53  4:39  Zergling x10  
  58  4:48  Overlord  
  58  5:00  Ravager x3  
  58  5:01  Zergling x20  
  71  5:13  Overlord  
  71  5:18  Roach  
  71  5:19  Overlord  
  71  5:20  Overlord  
  72  5:25  Overlord x2  
  72  5:28  Overlord  
  72  5:31  Zergling x12  
  65  5:47  Roach  
  65  5:48  Roach  
  53  5:54  Roach x6  
  53  5:55  Roach  
  67  6:02  Ravager  
  70  6:04  Roach  
  70  6:18  Zergling x14  
  71  6:20  Queen  
  65  6:39  Zergling x18  
  68  7:01  Drone  
  68  7:02  Drone x5  
  68  7:03  Drone x2